 Dungeon Crawl Stone Soup version 0.31-a0-986-g5e6e4ef867 (webtiles) character file.

Game seed: 1810528355436573540

247 sammy202020 the Ruffian (level 5, 0/41 HPs)
             Began as a Demonspawn Shapeshifter on Nov 17, 2023.
             Slain by a cerulean imp
             ... wielding a +1 spear
             ... summoned by Natasha
              (2 damage)
             ... on level 3 of the Dungeon.
             The game lasted 00:05:30 (2988 turns).

sammy202020 the Ruffian (Demonspawn Shapeshifter)   Turns: 2988, Time: 00:05:31

Health: 0/41       AC:  7    Str: 14 (16) XL:     5   Next: 85%
Magic:  5/5        EV: 11    Int:  9 (11) God:
Gold:   161        SH:  0    Dex: 12 (13) Spells: 4/4 levels left

rFire   . .          .
                       - Unarmed
rCold   . . .        (no shield)
rNeg    . . .        o - +1 ring mail
rPois   .            (helmet currently unavailable)
rElec   +            (cloak currently unavailable)
rCorr   .            (gloves currently unavailable)
SInv    .            (boots currently unavailable)
Will    .....        (no amulet)
Stlth   +            q - ring of protection from cold
HPRegen 0.26/turn    (no ring)
MPRegen 0.09/turn

%: no passive effects
@: beast-form, slowed, very slow
A: beast (slay +2), horns 1, powered by death 1, sharp scales 1, electricity
resistance, cold vulnerability 1
a: Begin Untransformation


You were on level 3 of the Dungeon.
You were a hulking beast.
You visited 1 branch of the dungeon, and saw 3 of its levels.

You collected 161 gold pieces.

Inventory:

Armour
 a - a +0 animal skin
 o - a +1 ring mail (worn)
 w - a +2 pair of gloves
Jewellery
 q - a ring of protection from cold (left hand)
Talismans
 c - a beast talisman
 d - a flux talisman
Wands
 v - a wand of flame (16)
Scrolls
 n - a scroll of amnesia
Potions
 b - a potion of lignification
 e - 2 potions of heal wounds
 g - 3 potions of curing
 h - 4 potions of attraction
 j - 2 potions of brilliance


   Skills:
 * Level 3.1 Fighting
 + Level 1.4 Armour
 + Level 2.3 Dodging
 * Level 3.8 Unarmed Combat
 * Level 3.6 Shapeshifting


You had 4 spell levels left.
You didn't know any spells.
Your spell library was empty.

Dungeon Overview and Level Annotations

Branches:
Dungeon (3/15)

Altars:

Shops:
D:1 (

Annotations:
D:3 Natasha


Innate Abilities, Weirdness & Mutations

You are a hulking beast.
Your limbs bulge with bestial killing power. (Slay +2)
You have a pair of small horns on your head.
You regenerate a little health from kills.
You are partially covered in razor-sharp scales. (AC +1, Slay +1)
You are resistant to electric shocks. (rElec)
You are vulnerable to cold. (rC-)


Message History

The cerulean imp hits you with a +1 spear.
Natasha mumbles some strange words.
You closely miss the cerulean imp. You headbutt the cerulean imp.
The cerulean imp is moderately wounded.
The cerulean imp hits you with a +1 spear.
Natasha claws you but does no damage.
The cerulean imp hits you with a +0 spear.
You punch the cerulean imp!
The cerulean imp is almost dead.
The cerulean imp hits you but does no damage.
Natasha casts a spell at you. The magic dart hits you.
The cerulean imp hits you with a +0 spear.
The cerulean imp hits you but does no damage.
Natasha claws you but does no damage.
You miss Natasha.
The cerulean imp hits you but does no damage.
The cerulean imp hits you with a +1 spear.
Natasha claws you!
* * * LOW HITPOINT WARNING * * *
The cerulean imp misses you.
You hit Natasha.
Natasha is lightly wounded.
The cerulean imp hits you but does no damage.
Natasha barely misses you. The cerulean imp barely misses you.
The cerulean imp hits you with a +1 spear.
* * * LOW HITPOINT WARNING * * *
You hit Natasha.
Natasha is severely wounded.
Natasha claws you but does no damage.
The cerulean imp hits you but does no damage.
The cerulean imp hits you with a +1 spear.
* * * LOW HITPOINT WARNING * * *
Natasha claws you!
* * * LOW HITPOINT WARNING * * *
You barely miss Natasha.
Natasha is severely wounded.
The cerulean imp hits you but does no damage.
The cerulean imp hits you with a +1 spear.
You die...

#..........# #..........#
#....b.....# #..........#
#####....b.....#
#######.............###.
........................
...#####)#####...........
#.......5hh...##........
#####..###5...##........
#..## #.#####........
#..# #.......†_......
...# ....#..†..###..#
###. [##.##.## .## # ###.
#.# # # #.# #.#


You could see Natasha and 2 cerulean imps.

Vanquished Creatures
  Jessica (D:3)
  Natasha (D:3)
  An iguana (D:2)
  4 gnolls (D:3)
  4 adders
  4 worms (D:2)
  A dart slug (D:3)
  5 orcs (D:3)
  8 bats
  6 endoplasms
  4 giant cockroaches
  6 goblins
  7 hobgoblins
  2 jackals (D:1)
  7 kobolds
  2 quokkas (D:1)
  4 ball pythons
  3 frilled lizards (D:2)
  5 rats
75 creatures vanquished.

Notes
Turn   | Place    | Note
-------+----------+-------------------------------------------
     0 | D:1      | sammy202020 the Demonspawn Shapeshifter began the quest for
                  | the Orb.
     0 | D:1      | Reached XP level 1. HP: 15/15 MP: 1/1
   341 | D:1      | Gained mutation: You are partially covered in razor-sharp
                  | scales. (AC +1, Slay +1) [demonic ancestry]
   341 | D:1      | Reached XP level 2. HP: 20/21 MP: 2/2
   695 | D:1      | Found Vebboihou's Weapon Shoppe.
  1031 | D:2      | Gained mutation: You have a pair of small horns on your
                  | head. [demonic ancestry]
  1031 | D:2      | Reached XP level 3. HP: 20/27 MP: 3/3
  1219 | D:2      | Gained mutation: You regenerate a little health from kills.
                  | [demonic ancestry]
  1219 | D:2      | Reached XP level 4. HP: 29/33 MP: 4/4
  1317 | D:2      | Reached skill level 1 in Armour
  1986 | D:3      | Reached XP level 5. HP: 31/39 MP: 5/5
  2029 | D:3      | Found a faded altar of an unknown god.
  2033 | D:3      | Noticed Natasha
  2040 | D:3      | Killed Natasha
  2070 | D:3      | HP: 2/40 [gnoll/+2 flail of protection (4)]
  2534 | D:3      | Noticed Jessica
  2541 | D:3      | Killed Jessica
  2686 | D:3      | Gained mutation: You are vulnerable to cold. (rC-) [potion
                  | of mutation]
  2686 | D:3      | Gained mutation: You are resistant to electric shocks.
                  | (rElec) [potion of mutation]
  2978 | D:3      | Noticed Natasha
  2987 | D:3      | HP: 2/41 [Natasha (7)]
  2988 | D:3      | Slain by a cerulean imp

Illustrated notes

Levels and vault maps discovered:
D:1:      minmay_arrival_three_doors, layout_loops_ring, serial_shops,
          shop_statue, minmay_misc_feat_chi
D:2:      layout_rooms, serial_bayou, serial_bayou_pond_d,
          serial_bayou_lagoon_a, serial_bayou_shore_b, serial_bayou_pond_b
D:3:      layout_rooms, basic_ecumenical_altar, uniq_natasha, uniq_jessica

Skill      XL: |  1  2  3  4  5 |
---------------+----------------+-----
Unarmed Combat | 3 |  3.8
Shapeshifting  | 3 |  3.6
Fighting       | 2 3 |  3.1
Dodging        | 2 |  2.3
Armour         | 1 |  1.4

Action                     |  1- 3 |  4- 6 || total
---------------------------+-------+-------++-------
  Melee: Unarmed           |   107 |   132 ||   239
         Punch             |     3 |       ||     3
         Headbutt          |     7 |    24 ||    31
    Use: Scroll            |       |     7 ||     7
         Potion            |       |     7 ||     7
   Stab: Sleeping          |     4 |       ||     4
 Armour: Animal skin       |    55 |    71 ||   126
         Ring mail         |       |    63 ||    63
  Dodge: Dodged            |    53 |   104 ||   157

Table legend: (Time is in decaauts)
 A = Elapsed time spent in this place.
 B = Non-inter-level travel time spent in this place.
 C = Inter-level travel time spent in this place.
 D = Time resting spent in this place.
 E = Time spent auto-exploring this place.
 F = Levels seen in this place.
 G = Mean time per level.
                   A        B        C        D        E       F      G
               +--------+--------+--------+--------+--------+-----+--------+
         Total |   2988 |   2988 |      0 |   1012 |   1276 |   3 |  996.0 |
       Dungeon |   2988 |   2988 |      0 |   1012 |   1276 |   3 |  996.0 |
               +--------+--------+--------+--------+--------+-----+--------+

Top non-repeatable levels by time:
     D:3: 1076 daAuts
     D:1: 1016 daAuts
     D:2: 894 daAuts
